 Seeded DCSS version 0.30-a0-457-g4b7bca3bfa (webtiles) character file.

Game seed: 9653979536821995196 (custom seed)

5624 purpskrrrp the Markself (level 10, -8/49 HPs)
             Began as a Deep Elf Hunter on Dec 13, 2022.
             Was a Believer of Hepliaklqana.
             Mangled by a centaur warrior (9 damage)
             ... on level 8 of the Dungeon.
             The game lasted 00:19:45 (7563 turns).

purpskrrrp the Markself (Deep Elf Hunter)           Turns: 7563, Time: 00:19:46

Health: -8/49      AC:  6    Str:  5 (8)  XL:     10   Next: 46%
Magic:  13/13      EV: 19    Int: 16 (17) God:    Hepliaklqana [**....]
Gold:   274        SH:  5    Dex: 25 (28) Spells: 8/11 levels left

rFire   . . .      SeeInvis .    J - +1 shortbow (freeze)
rCold   . . .      Faith    .    (shield currently unavailable)
rNeg    . . .      Spirit   .    o - +2 robe {Will+}
rPois   +          Reflect  +    u - +0 helmet
rElec   +          Harm     .    d - +0 cloak {rPois}
rCorr   .          Rampage  .    (no gloves)
Will    ++...                    (no boots)
Stlth   +++.......               F - amulet "Wiroywk" {Reflect Drain rElec rPois Int+2 SH+5}
HPRegen 0.28/turn                l - +4 ring of evasion
MPRegen 0.13/turn                E - +6 ring of dexterity

@: attractive, slowed, studying Hexes, very slow
A: reduced essence
a: Renounce Religion, Recall Ancestor, Ancestor Identity


You were on level 8 of the Dungeon.
You worshipped Hepliaklqana.
Hepliaklqana was pleased with you.
You visited 2 branches of the dungeon, and saw 9 of its levels.

You collected 1190 gold pieces.
You spent 916 gold pieces at shops.

Inventory:

Hand Weapons
 a - a +1 shortbow
 H - the +12 rapier of the Shimmering Tiger {chaos, Will+ Str+2}
   (You took it off a kobold brigand on level 7 of the Dungeon)

   Each time it hits an enemy it has a different, random effect.
   Str:       It affects your strength (+2).
   Will:      It increases your willpower.
 J - a +1 shortbow of freezing (weapon)
Missiles
 r - 3 throwing nets
Armour
 c - a +0 leather armour
 d - a +0 cloak of poison resistance (worn)
 j - a +1 robe of cold resistance
 o - a +2 robe of willpower (worn)
 u - a +0 helmet (worn)
 C - the -2 cloak "Zipn" {+Inv rN+ Int+4}
   (You bought it in a shop on level 6 of the Dungeon)

   Int:       It affects your intelligence (+4).
   rN:        It protects you from negative energy.
   +Inv:      It lets you turn invisible.
 D - a +0 helmet
Jewellery
 l - a +4 ring of evasion (left hand)
 p - an amulet of regeneration
 E - a +6 ring of dexterity (right hand)
 F - the amulet "Wiroywk" (around neck) {Reflect Drain rElec rPois Int+2 SH+5}
   (You bought it in a shop on level 7 of the Dungeon)

   [amulet of reflection]

   It reflects blocked missile attacks.
   Int:       It affects your intelligence (+2).
   rElec:     It insulates you from electricity.
   rPois:     It protects you from poison.
   Drain:     It drains your maximum health when unequipped.
   SH:        It affects your SH (+5).
Wands
 n - a wand of iceblast (8)
 I - a wand of charming (5)
Scrolls
 b - 3 scrolls of immolation
 e - 2 scrolls of noise
 i - a scroll of enchant weapon
 q - a scroll of magic mapping
 v - 2 scrolls of vulnerability
 w - 2 scrolls of amnesia
 y - 2 scrolls of teleportation
 G - a scroll of blinking
Potions
 g - 2 potions of curing
 h - a potion of haste {unknown}
 k - a potion of might {unknown}
 m - a potion of degeneration
 s - a potion of cancellation
 t - a potion of resistance
 x - a potion of flight
 z - a potion of attraction
 A - a potion of lignification
 B - a potion of magic {unknown}


   Skills:
 + Level 2.8 Fighting
 * Level 20.2 Ranged Weapons
 + Level 4.6 Dodging
 - Level 2.6 Stealth
 - Level 1.1 Spellcasting
 + Level 15.2 Hexes


You had 8 spell levels left.
You knew the following spells:

 Your Spells              Type           Power      Damage    Failure   Level
a - Tukima's Dance        Hex            49%        N/A       1%          3

Your spell library contained the following spells:

 Spells                   Type           Power      Damage    Failure   Level
 Inner Flame              Hex/Fire       25%        N/A       3%          3
 Portal Projectile        Hex/Tloc       50%        N/A       3%          3
 Anguish                  Hex/Necr       12%        N/A       10%         4
 Metabolic Englaciation   Hex/Ice        12%        N/A       26%         5
 Yara's Violent Unravell  Hex/Tmut       12%        3d7       26%         5
 Enfeeble                 Hex            24%        N/A       36%         7
 Call Canine Familiar     Summ           0%         N/A       56%         3
 Kindle Blastsparks       Fire/Tloc/Air  0%         2d10      56%         3
 Ozocubu's Armour         Ice            0%         N/A       56%         3
 Flame Wave               Conj/Fire      0%         2d4       92%         4
 Passage of Golubria      Tloc           0%         N/A       92%         4
 Sticky Flame             Conj/Fire      0%         2d3       92%         4
 Blade Hands              Tmut           0%         N/A       99%         5
 Simulacrum               Ice/Necr       0%         N/A       100%        6
 Ignition                 Fire           0%         3d3       100%        8


Dungeon Overview and Level Annotations

Branches:
Dungeon (8/15)             Temple (1/1) D:6            Lair (0/5) D:8

Altars:
Ashenzari
Cheibriados
Dithmenos
Elyvilon
Fedhas
Gozag
Hepliaklqana
Kikubaaqudgha
Makhleb
Nemelex Xobeh
Qazlal
Ru
Sif Muna
Trog
Uskayaw
Vehumet
Wu Jian
Xom
Yredelemnul
Zin

Shops:
D:3 *   D:6 [   D:7 =

Annotations:
D:5 2 runed translucent doors, GiantSquids's ghost, amateur HOBe
D:8 2 runed translucent doors


Message History

You shoot an arrow.
The arrow barely misses the centaur warrior.
The centaur warrior hits you but does no damage.
You block the centaur warrior's attack.
The centaur warrior hits you but does no damage.
The centaur warrior kicks you.
The centaur warrior hits you but does no damage.
The centaur warrior kicks you but does no damage.
The centaur warrior hits you but does no damage.
The centaur warrior kicks you but does no damage.
You shoot an arrow. The arrow hits the centaur warrior.
The arrow freezes the centaur warrior.
The centaur warrior is lightly wounded.
You feel less wooden.
Your +0 cloak of poison resistance unmelds from your body.
Your +0 helmet unmelds from your body.
Your +2 robe of willpower unmelds from your body.
You feel resistant to poison.
You feel strong-willed. The centaur warrior closely misses you.
The centaur warrior misses you.
The centaur warrior hits you but does no damage.
The centaur warrior closely misses you. You block the centaur warrior's attack.
The centaur warrior kicks you.
You shoot an arrow. The arrow hits the centaur warrior.
The arrow freezes the centaur warrior.
The centaur warrior is lightly wounded.
The centaur warrior misses you.
The centaur warrior kicks you but does no damage.
The centaur warrior hits you!
* * * LOW HITPOINT WARNING * * *
The centaur warrior barely misses you.
The centaur warrior completely misses you.
The centaur warrior kicks you but does no damage.
You shoot an arrow. The arrow hits the centaur warrior!
The arrow freezes the centaur warrior.
The centaur warrior is heavily wounded.
The centaur warrior hits you!
* * * LOW HITPOINT WARNING * * *
The centaur warrior kicks you but does no damage.
The centaur warrior hits you!
You die...

##...##.# ##......##.
#...###.# #.#######.. ##
#...###.####)..R.##.. .#
#..###...#######.#... .#
#..##.....####R.##.#. .#
##.##...#.).##.###..#. †#
#..#...###...##.##.##. .#
#.##cc## ##.)##.#..### .#
##.#.#@#######.#.#.## .#
#######..#.##.........##.#
## .#
#...)...##.##########.#..#
#. .# #.####..#W#.#
##..#.##.## #. .####)#
##.##c#.# #.+!9+.#..# #.
#.....# #[.#.###.
#.#..###.## #.
#.....###.##.#D#.##.#####..#
#. #......#..#.##.##c# ##.##
#. .........##.#?.$#.# #..#
#.


You could see 2 centaur warriors.

Vanquished Creatures
  A two-headed ogre (D:8)
  A shadow (D:8)
  A wraith (D:8)
  A wyvern (D:7)
  3 yaks (D:8)
  A steam dragon (D:8)
  3 water moccasins
  Duvessa (D:7)
  3 orc warriors
  3 black bears
  2 ice beasts
  A sky beast (D:6)
  3 centaurs
  2 ogres
  5 kobold brigands
  A necrophage (D:5)
  3 bullfrogs
  2 scorpions (D:5)
  A wight (D:8)
  Dowan (D:7)
  6 howler monkeys
  5 hounds
  4 orc priests
  2 gnoll boudas
  A jelly (D:4)
  2 iguanas (D:4)
  Ijyb (D:3)
  5 orc wizards
  12 gnolls
  8 adders
  A shadow imp (D:5)
  A white imp (D:7)
  2 dart slugs
  24 orcs
  10 ball pythons
  8 endoplasms
  8 giant cockroaches
  15 goblins
  5 hobgoblins
  6 jackals
  5 quokkas
  10 bats
  3 frilled lizards
  19 kobolds
  3 rats (D:3)
205 creatures vanquished.

Vanquished Creatures (collateral kills)
  A yak (D:8)
  An ice beast (D:7)
  A kobold brigand (D:8)
  2 wights (D:8)
  A gnoll (D:8)
  A kobold (D:7)
7 creatures vanquished.

Vanquished Creatures (others)
  4 dancing weapons (D:8)
  A hexer (D:8)
  4 ancestors
  2 orcs (D:8)
  2 kobolds (D:8)
  6 fungi (D:5)
19 creatures vanquished.

Grand Total: 231 creatures vanquished

Notes
Turn   | Place    | Note
-------+----------+-------------------------------------------
     0 | D:1      | purpskrrrp the Deep Elf Hunter began the quest for the Orb.
     0 | D:1      | Reached XP level 1. HP: 12/12 MP: 3/3
   180 | D:1      | Reached XP level 2. HP: 11/16 MP: 4/4
   680 | D:1      | Identified a scroll of acquirement
   680 | D:1      | Acquired a manual of Hexes
   711 | D:2      | Reached skill level 6 in Ranged Weapons
   712 | D:2      | Reached XP level 3. HP: 20/20 MP: 5/5
   814 | D:2      | Reached skill level 1 in Hexes
   848 | D:2      | Identified the +10 trident "Isut Mok" {vorpal, Str+4
                  | Stlth+}
   967 | D:2      | Reached skill level 1 in Spellcasting
   967 | D:2      | Reached XP level 4. HP: 25/25 MP: 7/7
  1342 | D:3      | Acquired a manual of Ranged Weapons
  1345 | D:3      | Noticed Ijyb
  1380 | D:3      | Killed Ijyb
  1381 | D:3      | Reached skill level 7 in Ranged Weapons
  1638 | D:3      | Found a stormy altar of Qazlal.
  1691 | D:3      | Reached skill level 8 in Ranged Weapons
  1691 | D:3      | Reached XP level 5. HP: 13/29 MP: 8/8
  1825 | D:3      | Found Gepsocir's Assorted Antiques.
  1852 | D:3      | Found a shimmering altar of Xom.
  1853 | D:3      | Found a shimmering altar of Xom.
  1855 | D:3      | Found a shimmering altar of Xom.
  1856 | D:3      | Found a shimmering altar of Xom.
  1856 | D:3      | Found a shimmering altar of Xom.
  1856 | D:3      | Found a shimmering altar of Xom.
  2221 | D:4      | Reached skill level 9 in Ranged Weapons
  2369 | D:4      | Reached skill level 5 in Hexes
  2369 | D:4      | Reached XP level 6. HP: 21/34 MP: 9/9
  2539 | D:4      | Reached skill level 10 in Ranged Weapons
  2711 | D:4      | Reached skill level 11 in Ranged Weapons
  2795 | D:4      | Found a shimmering blue altar of Sif Muna.
  2805 | D:4      | Reached XP level 7. HP: 36/38 MP: 10/10
  2931 | D:4      | Reached skill level 12 in Ranged Weapons
  3093 | D:4      | Learned a level 3 spell: Tukima's Dance
  3247 | D:5      | Entered Level 5 of the Dungeon
  3485 | D:5      | Found a radiant altar of Vehumet.
  3504 | D:5      | Reached skill level 13 in Ranged Weapons
  3590 | D:5      | Reached skill level 14 in Ranged Weapons
  3590 | D:5      | Reached XP level 8. HP: 28/43 MP: 11/11
  3775 | D:5      | Found a hazy altar of Hepliaklqana.
  3776 | D:5      | Found a large runed translucent door.
  3778 | D:5      | Found a large runed translucent door.
  3780 | D:5      | Noticed GiantSquids's ghost (amateur HOBe)
  3813 | D:5      | Became a worshipper of Hepliaklqana the Forgotten
  3914 | D:5      | Reached skill level 15 in Ranged Weapons
  3914 | D:5      | Reached skill level 10 in Hexes
  4516 | D:6      | Reached skill level 16 in Ranged Weapons
  4614 | D:6      | Found a staircase to the Ecumenical Temple.
  4655 | Temple   | Entered the Ecumenical Temple
  4843 | D:6      | Acquired 803 gold pieces
  5001 | D:6      | Reached * piety under Hepliaklqana
  5129 | D:6      | Reached skill level 17 in Ranged Weapons
  5197 | D:6      | Found Xoniss's Antique Armour Emporium.
  5200 | D:6      | Bought a warped cloak for 209 gold pieces
  5200 | D:6      | Identified the -2 cloak "Zipn" {+Inv rN+ Int+4} (You bought
                  | it in a shop on level 6 of the Dungeon)
  5200 | D:6      | Bought a helmet for 99 gold pieces
  5309 | D:7      | Reached XP level 9. HP: 42/42 MP: 12/12
  5475 | D:7      | Found a large runed translucent door.
  5476 | D:7      | Found a large runed translucent door.
  5478 | D:7      | Found a shimmering altar of Xom.
  5480 | D:7      | Identified the +12 rapier of the Shimmering Tiger {chaos,
                  | Will+ Str+2}
  5579 | D:7      | Reached skill level 18 in Ranged Weapons
  5793 | D:7      | Found an ancient bone altar of Kikubaaqudgha.
  5793 | D:7      | Found a bloodstained altar of Trog.
  5897 | D:7      | Noticed Duvessa
  5898 | D:7      | Noticed Dowan
  5903 | D:7      | Killed Dowan
  5915 | D:7      | Killed Duvessa
  5986 | D:7      | Found Nawa's Jewellery Boutique.
  5992 | D:7      | Bought the amulet "Wiroywk" {Reflect Drain rElec rPois
                  | Int+2 SH+5} for 608 gold pieces
  6044 | D:7      | Identified the +10 falchion "Tupaib" {elec, rPois rF- rCorr
                  | Str+3}
  6566 | D:8      | Reached skill level 19 in Ranged Weapons
  6616 | D:8      | Got the Almanac of the Gathered Arsonist
  6960 | D:8      | Reached XP level 10. HP: 47/47 MP: 13/13
  7058 | D:8      | Found a white marble altar of Elyvilon.
  7242 | D:8      | Noticed a two-headed ogre
  7253 | D:8      | Killed a two-headed ogre
  7254 | D:8      | Reached skill level 20 in Ranged Weapons
  7254 | D:8      | Reached skill level 15 in Hexes
  7301 | D:8      | Found a staircase to the Lair.
  7345 | D:8      | Found a glowing silver altar of Zin.
  7346 | D:8      | Noticed an angel
  7407 | D:8      | Reached ** piety under Hepliaklqana
  7408 | D:8      | Remembered your ancestor Arammadara as a hexer
  7502 | D:8      | Found a runed translucent door.
  7509 | D:8      | Found a runed translucent door.
  7509 | D:8      | Noticed a gargoyle
  7531 | D:8      | Noticed a centaur warrior
  7531 | D:8      | Noticed a tengu warrior
  7531 | D:8      | Noticed an eight-headed hydra
  7531 | D:8      | Noticed a centaur warrior
  7531 | D:8      | Noticed a centaur warrior
  7563 | D:8      | HP: 1/49 [centaur warrior (12)]
  7563 | D:8      | Mangled by a centaur warrior

Illustrated notes

Levels and vault maps discovered:
D:1:      lemuel_arrival_lava_pool, layout_basic
D:2:      cheibrodos_old_hovel, layout_loops_ring
D:3:      kennysheep_the_goblin_king, layout_loops_ring, xom_redecorated,
          nicolae_qazlal_general_emergency, serial_shops, shop,
          kennysheep_flooded_box
D:4:      layout_loops_ring, kennysheep_orc_sif_temple,
          hangedman_decor_peaks_small, hex_medium, minmay_strange_pillars,
          st_stairs_7, hangedman_decor_lopped
D:5:      layout_loops_ring, mainiacjoe_overflow_chevrons,
          mainiacjoe_overflow_boulevard, ebering_ghost_disaster_area
D:6:      layout_gridville, minmay_temple_entry_ruins, serial_shops,
          nicolae_shop_behind_doors, minmay_small_thing
D:7:      due_chaos_kobolds, layout_loops_corners,
          chequers_temple_overflow_statue_of_worship, serial_shops, shop,
          uniq_duvessa
D:8:      minmay_the_grid_triangle_9x9_rhombus_thin
          [minmay_the_grid_triangle_9x9_tough_junction,
          minmay_the_grid_triangle_9x9_prize_top_heavy,
          minmay_the_grid_triangle_9x9_impossible_snake,
          minmay_the_grid_triangle_9x9_sprig], layout_basic, elyvilon_altar_5,
          zin_angel
Temple:   chequers_temple_sunken

Skill      XL: |  1  2  3  4  5  6  7  8  9 10 |
---------------+-------------------------------+-----
Stealth        | 2 |  2.6
Ranged Weapons | 6 8 9 11 14 17 19 20 | 20.2
Dodging        | 3 4 |  4.6
Hexes          | 1 3 5 6 9 11 14 15 | 15.2
Spellcasting   | 1 |  1.1
Fighting       | 2 |  2.8

Action                   |  1- 3 |  4- 6 |  7- 9 | 10-12 || total
-------------------------+-------+-------+-------+-------++-------
 Fire: Shortbow          |    83 |   185 |   380 |    88 ||   736
 Cast: Tukima's Dance    |       |       |     8 |     3 ||    11
Invok: Ancestor Life: He |       |       |       |     1 ||     1
Evoke: Wand              |       |     3 |       |       ||     3
  Use: Scroll            |     2 |     7 |     6 |       ||    15
       Potion            |       |     4 |     1 |     6 ||    11
Armor: Leather armour    |     1 |       |       |       ||     1
       Robe              |     2 |    14 |    11 |     4 ||    31
       Skin              |       |       |       |    23 ||    23
Dodge: Dodged            |    11 |    57 |    63 |    14 ||   145
Block: Other             |       |       |     1 |     6 ||     7
       Reflection        |       |       |     1 |     1 ||     2

Table legend: (Time is in decaauts)
 A = Elapsed time spent in this place.
 B = Non-inter-level travel time spent in this place.
 C = Inter-level travel time spent in this place.
 D = Time resting spent in this place.
 E = Time spent auto-exploring this place.
 F = Levels seen in this place.
 G = Mean time per level.
                   A        B        C        D        E       F      G
               +--------+--------+--------+--------+--------+-----+--------+
         Total |   7531 |   7305 |    226 |    592 |   5510 |   9 |  836.8 |
       Dungeon |   7315 |   7096 |    219 |    592 |   5308 |   8 |  914.4 |
        Temple |    216 |    209 |      7 |      0 |    201 |   1 |  216.0 |
               +--------+--------+--------+--------+--------+-----+--------+

Top non-repeatable levels by time:
     D:7: 1240 daAuts
     D:5: 1127 daAuts
     D:4: 1047 daAuts
     D:8: 967 daAuts
     D:3: 883 daAuts
     D:1: 714 daAuts
     D:6: 698 daAuts
     D:2: 635 daAuts
  Temple: 216 daAuts
